 Dungeon Crawl Stone Soup version 0.21.1-1-g345015f (webtiles) character file.

912 tatsu007 the Covert (level 7, 0/52 HPs)
             Began as a Vampire Assassin on June 4, 2018.
             Slain by a howler monkey (4 damage)
             ... on level 6 of the Dungeon.
             The game lasted 00:27:57 (8172 turns).

tatsu007 the Covert (Vampire Assassin)              Turns: 8172, Time: 00:27:58

Health: 0/52       AC: 10    Str: 11    XL:     7   Next: 82%
Magic:  7/7        EV: 12    Int: 14    God:
Gold:   302        SH:  0    Dex: 16    Spells: 6/6 levels left

rFire    . . .     SeeInvis +   y - +4 dagger (flame)
rCold    + . .     Gourm    .   (no shield)
rNeg     + . .     Faith    .   s - +1 ring mail
rPois    .         Spirit   .   l - +2 helmet
rElec    .         Reflect  .   d - +0 cloak
rCorr    .         Harm     .   (no gloves)
MR       .....                  (no boots)
Stlth    +++.......             (no amulet)
HPRegen  0.17/turn              h - ring of protection from cold
MPRegen  0.10/turn              C - ring of stealth

@: very slow
A: fangs 3, see invisible, unbreathing
a: Bat Form


You were on level 6 of the Dungeon.
You were not thirsty.

You visited 1 branch of the dungeon, and saw 6 of its levels.

You collected 302 gold pieces.

Inventory:

Hand Weapons
 a - a +2 dagger
 b - a +0 blowgun
 y - a +4 dagger of flaming (weapon)
Missiles
 e - 57 poisoned needles
 f - 2 curare-tipped needles
Armour
 c - a +0 robe
 d - a +0 cloak (worn)
 l - a +2 helmet (worn)
 m - a +2 pair of gloves
 s - a +1 ring mail (worn)
 t - a +0 helmet
Jewellery
 h - a ring of protection from cold (left hand)
 n - an uncursed ring of magical power
 C - a ring of stealth (right hand)
Wands
 x - a wand of clouds (8)
 B - a wand of acid (16)
Scrolls
 k - 2 scrolls of magic mapping
 p - a scroll of immolation {unknown}
 q - 4 scrolls of remove curse
 r - a scroll of fear {unknown}
 u - a scroll of torment {unknown}
Potions
 g - 18 potions of blood
 i - 3 potions of curing
 D - a potion of ambrosia
Books
 v - a book of Geomancy

   Spells                             Type                      Level
   a - Sandblast                      Earth                        1
   b - Passwall                       Transmutation/Earth          2
   c - Stone Arrow                    Conjuration/Earth            3
   d - Petrify                        Transmutation/Earth          4
   e - Lee's Rapid Deconstruction     Earth                        5
 z - a book of Misfortune

   Spells                             Type                      Level
   a - Confusing Touch                Hexes                        1
   b - Confuse                        Hexes                        3
   c - Gell's Gravitas                Translocation                3
   d - Petrify                        Transmutation/Earth          4
   e - Metabolic Englaciation         Hexes/Ice                    5
   f - Yara's Violent Unravelling     Hexes/Transmutation          5
Comestibles
 j - 7 rations


   Skills:
 + Level 3.2 Fighting
 + Level 6.1 Short Blades
 + Level 1.7 Throwing
 + Level 2.8 Armour
 + Level 3.2 Dodging
 + Level 9.0 Stealth


You had 6 spell levels left.
You didn't know any spells.

Dungeon Overview and Level Annotations

Branches:
Dungeon (6/15)             Temple (0/1) D:5

Altars:
Trog
Vehumet
The Shining One

Shops:
D:5 (

Annotations:
D:6 pvtfrost's ghost, novice MiFi


Innate Abilities, Weirdness & Mutations

You have razor-sharp teeth.
You have supernaturally acute eyesight. (SInv)
You can survive without breathing.


Message History

The howler monkey is heavily wounded.
The howler monkey closely misses you.
Your unstable footing causes you to fumble your attack.
The howler monkey splashes around in the water.
Your unstable footing causes you to fumble your attack.
Something hits the plant but does no damage.
Pvtfrost's ghost hits you!
Your unstable footing causes you to fumble your attack.
The howler monkey hoots and howls with incredible vigour!
Something hits the plant.
Something shocks the plant.
You hear a shout! x2
You hit pvtfrost's ghost but do no damage.
The howler monkey hits you but does no damage.
Pvtfrost's ghost hits you!
You hit pvtfrost's ghost but do no damage.
The howler monkey barely misses you. Pvtfrost's ghost hits you!
* * * LOW HITPOINT WARNING * * *
You hit pvtfrost's ghost but do no damage.
The howler monkey hits you.
You die...

#.####..PP♣
##....#≈PPP♣≈
.<.≈PP.≈≈♣≈≈
#...P≈≈≈♣P≈P
#P$≈≈♣≈P≈P≈##
#####≈≈PPP..P#..
......hPPP≈# #.#
#.≈P@.#####.#
#...W.......#
#.###.####### #
#...# #.#.#
#.#.... ..#
#!.## #.# #.. ##
# # .#.


You could see a howler monkey and pvtfrost's ghost.

Vanquished Creatures
  A phantom (D:5)
  A big kobold (D:5)
  A bullfrog (D:6)
  2 scorpions
  A crimson imp (D:5)
  A jelly (D:5)
  2 orc priests (D:3)
  A hound (D:2)
  2 bullfrog skeletons (D:5)
  Ijyb (D:3)
  Terence (D:3)
  2 worker ants
  2 orc wizards
  A howler monkey zombie (D:5)
  6 adders
  A howler monkey skeleton (D:5)
  2 shadow imps (D:5)
  An ooze (D:4)
  An adder zombie (D:5)
  An adder skeleton (D:5)
  A worm (D:3)
  A dart slug (D:4)
  3 leopard geckos
  11 orcs
  4 giant cockroaches
  6 goblins
  11 hobgoblins
  5 jackals
  5 quokkas
  A ball python (D:5)
  7 bats
  7 frilled lizards
  26 kobolds
  A quokka skeleton (D:4)
  A quokka zombie (D:5)
  7 rats
  A bush (D:1)
129 creatures vanquished.

Vanquished Creatures (others)
  A plant (D:5)
1 creature vanquished.

Grand Total: 130 creatures vanquished

Notes
Turn   | Place    | Note
-------+----------+-------------------------------------------
     0 | D:1      | tatsu007 the Vampire Assassin began the quest for the Orb.
     0 | D:1      | Reached XP level 1. HP: 16/16 MP: 1/1
   211 | D:1      | Reached skill level 6 in Stealth
   301 | D:1      | Reached XP level 2. HP: 17/22 MP: 2/2
  1332 | D:2      | Reached XP level 3. HP: 21/27 MP: 3/3
  1473 | D:2      | Found a bloodstained altar of Trog.
  1503 | D:2      | Reached skill level 7 in Stealth
  2047 | D:2      | Reached XP level 4. HP: 10/33 MP: 4/4
  3371 | D:3      | Found a radiant altar of Vehumet.
  3541 | D:3      | Noticed Ijyb
  3609 | D:3      | Killed Ijyb
  3609 | D:3      | Reached XP level 5. HP: 11/39 MP: 5/5
  4561 | D:3      | Noticed Terence
  4567 | D:3      | Killed Terence
  4632 | D:3      | Reached skill level 1 in Armour
  4676 | D:3      | Reached XP level 6. HP: 8/46 MP: 6/6
  6718 | D:5      | Entered Level 5 of the Dungeon
  6800 | D:5      | Reached skill level 5 in Short Blades
  6991 | D:5      | Found Keteppu's Weapon Emporium.
  7003 | D:5      | Reached skill level 8 in Stealth
  7003 | D:5      | Reached XP level 7. HP: 44/51 MP: 7/7
  7150 | D:5      | Found a glowing golden altar of the Shining One.
  7203 | D:5      | Found a staircase to the Ecumenical Temple.
  7819 | D:6      | Reached skill level 9 in Stealth
  7896 | D:6      | Noticed pvtfrost's ghost (novice MiFi)
  8172 | D:6      | Slain by a howler monkey

Skill      XL: |  1  2  3  4  5  6  7 |
---------------+----------------------+-----
Stealth        | 6 7 8 9 |  9.0
Fighting       | 2 3 |  3.2
Short Blades   | 3 4 5 6 |  6.1
Dodging        | 2 3 |  3.2
Armour         | 1 2 |  2.8
Throwing       | |  1.7

Action                   |  1- 3 |  4- 6 |  7- 9 || total
-------------------------+-------+-------+-------++-------
Melee: Dagger            |   351 |   303 |   110 ||   764
       Bite              |    60 |    26 |    11 ||    97
  Use: Potion            |     3 |    18 |     6 ||    27
       Scroll            |     3 |    10 |     3 ||    16
 Stab: Sleeping          |     9 |     7 |     6 ||    22
Armor: Robe              |    28 |       |       ||    28
       Ring mail         |       |    74 |    36 ||   110
Dodge: Dodged            |    98 |   110 |    44 ||   252
